 Dungeon Crawl Stone Soup version 0.28-a0-984-g3775c662fe (webtiles) character file.

Game seed: 3719135915165925819

4541 fragbeetle the Grappler (level 10, -10/92 HPs)
             Began as a Black Draconian Transmuter on Dec 3, 2021.
             Was a Follower of Uskayaw.
             Mangled by a skeletal warrior (32 damage)
             ... led by a skeletal warrior
             ... on level 8 of the Dungeon.
             The game lasted 00:38:09 (11348 turns).

fragbeetle the Grappler (DrTm)                     Turns: 11348, Time: 00:38:10

Health: -10/92     AC:  6    Str: 18    XL:     10   Next: 17%
Magic:  16/17      EV: 15    Int: 17    God:    Uskayaw [*.....]
Gold:   520        SH:  0    Dex: 13    Spells: 7/18 levels left

rFire   x . .      SeeInvis .     - Unarmed
rCold   + + +      Faith    .   (shield currently unavailable)
rNeg    . . .      Spirit   .   (armour unavailable)
rPois   +          Reflect  .   (helmet currently unavailable)
rElec   .          Harm     .   (cloak currently unavailable)
rCorr   .          Rampage  +   (gloves currently unavailable)
Will    .....                   (boots currently unavailable)
Stlth   +++.......              U - amulet "Ziushrene" {RegenMP Rampage Str+4 Dex+2}
HPRegen 0.25/turn               K - +4 ring of evasion
MPRegen 0.55/turn               Q - +4 ring of slaying

@: ice-form
A: freezing attack, amphibious, boosted hp, (breathe lightning), AC +7, large,
unfitting armour, (electricity resistance), (cold-blooded)
a: End Transformation, Renounce Religion, Stomp


You were on level 8 of the Dungeon.
You worshipped Uskayaw.
Uskayaw was noncommittal.
You were a creature of crystalline ice.
You visited 2 branches of the dungeon, and saw 10 of its levels.

You collected 520 gold pieces.

Inventory:

Hand Weapons
 e - a +2 vorpal scythe
 f - a +0 hunting sling of venom
 g - a +3 dagger
 k - a +2 dagger of protection
 r - a +0 whip of electrocution
 v - a +2 vorpal halberd
 A - a +1 whip of freezing
 M - the +7 Singing Sword {vorpal, sonic wave}
   (You found it on level 7 of the Dungeon)

   It inflicts extra damage upon your enemies.
   It radiates damaging sonic waves as it strikes, especially in combat
   involving dangerous or numerous foes.
 N - a -2 vorpal hand axe
 S - a +0 scimitar of flaming
Missiles
 c - 8 boomerangs
 x - 5 throwing nets
Armour
 p - a +1 hat (melded)
 F - a +0 pair of boots (melded)
Jewellery
 j - an amulet of guardian spirit
 s - a ring of ice
 y - a ring of fire
 K - a +4 ring of evasion (left front paw)
 Q - a +4 ring of slaying (right front paw)
 U - the amulet "Ziushrene" (around neck) {RegenMP Rampage Str+4 Dex+2}
   (You acquired it on level 7 of the Dungeon)

   [amulet of magic regeneration]

   It increases your rate of magic regeneration.
   Str:       It affects your strength (+4).
   Dex:       It affects your dexterity (+2).
   Rampage:   It bestows one free step when moving towards enemies.
Wands
 t - a wand of flame (12)
 J - a wand of iceblast (7)
Scrolls
 b - 5 scrolls of brand weapon
 l - 3 scrolls of fear {unknown}
 m - a scroll of magic mapping {unknown}
 n - a scroll of identify
 o - a scroll of summoning {unknown}
 q - a scroll of vulnerability {unknown}
 u - a scroll of immolation {unknown}
 z - 2 scrolls of amnesia {unknown}
 C - 2 scrolls of enchant armour {unknown}
 D - a scroll of teleportation
 E - 2 scrolls of torment
 I - 2 scrolls of acquirement
 O - a scroll of noise {unknown}
 R - a scroll of fog {unknown}
Potions
 a - 3 potions of lignification
 d - 5 potions of flight
 h - a potion of heal wounds
 i - a potion of haste
 w - a potion of resistance {unknown}
 B - a potion of might {unknown}
 G - 2 potions of magic
 H - a potion of attraction {unknown}
 L - a potion of curing
 P - a potion of berserk rage {unknown}
 T - a potion of mutation {unknown}


   Skills:
 + Level 3.0 Fighting
 + Level 5.4 Dodging
 + Level 4.4 Stealth
 + Level 10.2 Unarmed Combat
 + Level 4.7 Spellcasting
 + Level 0.7 Translocations
 + Level 6.8 Transmutations
 + Level 0.1 Evocations


You had 7 spell levels left.
You knew the following spells:

 Your Spells              Type           Power      Damage    Failure   Level
a - Beastly Appendage     Tmut           54%        N/A       1%          1
b - Spider Form           Tmut/Pois      15%        N/A       11%         3
c - Apportation           Tloc           12%        N/A       11%         1
d - Blink                 Tloc           12%        N/A       17%         2
e - Ice Form              Ice/Tmut       15%        N/A       34%         4

Your spell library contained the following spells:

 Spells                   Type           Power      Damage    Failure   Level
 Wereblood                Tmut           27%        N/A       1%          2
 Alistair's Intoxication  Tmut/Pois      10%        N/A       69%         5
 Manifold Assault         Tloc           6%         N/A       97%         5
 Iskenderun's Battlesphe  Conj           3%         2d6       99%         5
 Iron Shot                Conj/Erth      1%         9d1       100%        6
 Spellforged Servitor     Conj/Summ      1%         N/A       100%        7
 Storm Form               Tmut/Air       7%         N/A       100%        7


Dungeon Overview and Level Annotations

Branches:
Dungeon (9/15)             Temple (1/1) D:6
   Lair: D:8-11         Orc: D:9-12

Altars:
Ashenzari
Dithmenos
Uskayaw
Vehumet
Xom
Zin
The Shining One

Shops:
D:1 :   D:7 [

Annotations:
D:5 Ijyb
D:7 2 transporters, Daunt's ghost, novice GnWn


Innate Abilities, Weirdness & Mutations

You are a creature of crystalline ice.
You have a powerful freezing melee attack.
You are amphibious.
Your maximum health is increased.
Your armour is entirely melded.
You are incapable of wielding weapons or throwing items.
((You can breathe wild blasts of lightning.))
((Your glossy black scales are hard. (AC +7)))
You cannot fit into any form of body armour.
((You are resistant to electric shocks. (rElec)))
((You are cold-blooded and may be slowed by cold attacks.))


Message History

You remove your ring of fire.
Q - a +4 ring of slaying (right hand)
Okay, then.
There is an escape hatch in the floor here.
Your transformation is almost over.
There is an open door here.
Your horns disappear.
Your talons disappear.
Your +1 hat unmelds from your body.
Your +0 pair of boots unmelds from your body.
There is a stone staircase leading down here.
You climb downwards.
There is a stone staircase leading up here.
There is an open door here.
Casting: Beastly Appendage (safe; 1% risk of failure)
Confirm with . or Enter, or press ? or * to list all spells.
Okay, then.
There is an open door here.
There is a large open door here.
There is a large open door here.
Casting: Beastly Appendage (safe; 1% risk of failure)
Confirm with . or Enter, or press ? or * to list all spells.
Okay, then.
Unknown command.
Casting: Beastly Appendage (safe; 1% risk of failure)
Confirm with . or Enter, or press ? or * to list all spells.
You turn into a creature of crystalline ice.
Your +1 hat melds into your body.
Your +0 pair of boots melds into your body.
The skeletal warrior hits you from afar with a +0 glaive!!
The skeletal warrior hits you with a +0 glaive!!
The skeletal warrior barely misses you.
You pummel the skeletal warrior!! You freeze the skeletal warrior.
The skeletal warrior is moderately damaged.
The skeletal warrior hits you with a +0 glaive!!
* * * LOW HITPOINT WARNING * * *
Unknown command.
You pummel the skeletal warrior!! You freeze the skeletal warrior.
The skeletal warrior is severely damaged.
The skeletal warrior hits you with a +0 glaive!!
You die...

.###(...........'.#.###.........#
.# #............###.# #.........#
.# #.....#####'## #.# #.........'
.###.....#####'####.# #.........#
...+.....'..........# #..##'#####
####.....###........# #######
####### #........# #....#
#........# #..8.# #...zY##.#
#.8..# #.....##.# #....#
#.....##.# ##'####
#.....##.###..##'#####
#.....##..#...........
#.....###.#..#...[.... #.....#
#.#..#........ #.....#
#.#..#######.. #.#'### #.#..# #..


You could see a skeletal warrior.

Vanquished Creatures
  Harold (D:7)
  Erica (D:8)
  Grinder (D:3)
  Sigmund (D:1)
  A water moccasin (D:6)
  An orc warrior (D:5)
  3 ice beasts
  4 sky beasts
  3 black bears
  2 ogres
  2 centaurs (D:7)
  3 bullfrogs
  A gnoll sergeant (D:4)
  4 scorpions (D:7)
  3 water moccasin skeletons
  3 howler monkeys (D:7)
  3 orc priests
  2 hounds
  A bullfrog skeleton (D:7)
  A centaur skeleton (D:7)
  5 iguanas
  2 orc wizards
  Terence (D:3)
  A killer bee zombie (D:8)
  A hound zombie (D:5)
  2 howler monkey zombies
  Robin (D:3)
  7 adders
  15 gnolls
  A white imp (D:5)
  An adder skeleton (D:4)
  A worm (D:3)
  A dart slug (D:4)
  15 orcs
  5 endoplasms
  3 giant cockroaches
  13 goblins
  5 hobgoblins
  4 jackals
  6 kobolds
  2 quokkas (D:4)
  7 ball pythons
  8 bats
  3 frilled lizards
  10 rats
161 creatures vanquished.

Vanquished Creatures (others)
  10 fungi
  2 plants (D:1)
12 creatures vanquished.

Grand Total: 173 creatures vanquished

Notes
Turn   | Place    | Note
-------+----------+-------------------------------------------
     0 | D:1      | fragbeetle the Draconian Transmuter began the quest for the
                  | Orb.
     0 | D:1      | Reached XP level 1. HP: 16/16 MP: 3/3
   299 | D:1      | Reached XP level 2. HP: 23/23 MP: 3/5
   315 | D:2      | Noticed Sigmund
   326 | D:1      | Killed Sigmund
   327 | D:1      | Reached skill level 4 in Unarmed Combat
   327 | D:1      | Reached XP level 3. HP: 15/28 MP: 5/7
   327 | D:1      | Reached XP level 4. HP: 19/35 MP: 5/8
   327 | D:1      | Reached XP level 5. HP: 22/40 MP: 5/9
   503 | D:1      | Learned a level 3 spell: Spider Form
   545 | D:1      | Found Caegoj's Book Emporium.
   591 | D:1      | Found a faded altar of an unknown god.
  1922 | D:3      | Noticed Robin
  2218 | D:2      | Found a shimmering altar of Xom.
  2383 | D:3      | Noticed an ogre
  2395 | D:3      | Killed an ogre
  2396 | D:3      | Reached skill level 5 in Unarmed Combat
  2396 | D:3      | Reached XP level 6. HP: 44/47 MP: 6/10
  2521 | D:3      | Noticed Grinder
  2532 | D:3      | Killed Grinder
  2533 | D:3      | Your scales start taking on a glossy black colour.
  2533 | D:3      | Reached XP level 7. HP: 34/53 MP: 8/11
  2533 | D:3      | Gained mutation: You are resistant to electric shocks.
                  | (rElec) [Black Draconian growth]
  2737 | D:3      | Found a glowing silver altar of Zin.
  2805 | D:3      | Noticed Terence
  2821 | D:3      | Killed Terence
  3360 | D:3      | Killed Robin
  4144 | D:3      | Reached skill level 1 in Stealth
  4144 | D:3      | Reached skill level 6 in Unarmed Combat
  4831 | D:4      | Reached skill level 7 in Unarmed Combat
  4831 | D:4      | Reached XP level 8. HP: 60/61 MP: 5/12
  4848 | D:5      | Entered Level 5 of the Dungeon
  5368 | D:5      | Noticed Ijyb
  5572 | D:5      | Learned a level 1 spell: Apportation
  5607 | D:6      | Reached skill level 5 in Transmutations
  5997 | D:5      | Learned a level 2 spell: Blink
  6433 | D:5      | Reached skill level 8 in Unarmed Combat
  7000 | D:6      | Found a staircase to the Ecumenical Temple.
  7010 | Temple   | Entered the Ecumenical Temple
  7081 | Temple   | Became a worshipper of Uskayaw the Reveller
  7131 | D:6      | Reached * piety under Uskayaw
  7137 | D:6      | Reached ** piety under Uskayaw
  7138 | D:6      | Reached XP level 9. HP: 43/68 MP: 13/13
  7365 | D:6      | Found a shadowy altar of Dithmenos.
  7771 | D:6      | Reached *** piety under Uskayaw
  7775 | D:6      | Reached **** piety under Uskayaw
  8214 | D:7      | Reached skill level 9 in Unarmed Combat
  8240 | D:7      | Noticed a queen bee
  8244 | D:7      | Noticed Daunt's ghost (novice GnWn)
  8668 | D:7      | Found Hahia's Antique Armour Shop.
  8732 | D:7      | Found the +7 Singing Sword {vorpal, sonic wave}
  8809 | D:7      | Found a transporter.
  8809 | D:7      | Found a transporter.
  8956 | D:7      | Learned a level 4 spell: Ice Form
  9784 | D:8      | Noticed Erica
  9847 | D:8      | Killed Erica
  9848 | D:8      | Reached skill level 5 in Dodging
 10188 | D:8      | Reached XP level 10. HP: 77/77 MP: 12/16
 10194 | D:9      | Noticed a skeletal warrior
 10194 | D:9      | Noticed a skeletal warrior
 10194 | D:9      | Noticed a skeletal warrior
 10722 | D:7      | Noticed Harold
 10738 | D:7      | Killed Harold
 10739 | D:7      | Reached skill level 10 in Unarmed Combat
 11271 | D:7      | Identified 3 scrolls of acquirement
 11274 | D:7      | Acquired the amulet "Ziushrene" {RegenMP Rampage Str+4
                  | Dex+2}
 11348 | D:8      | Mangled by a skeletal warrior

Illustrated notes

Levels and vault maps discovered:
D:1:      denvon_arrival_waterhouse, layout_basic, serial_shops, shop,
          serial_curves, eino_curves_01, eino_curves_03, eino_curves_01,
          eino_curves_04, shapermc_ecumenical_altar_acropolis
D:2:      layout_loops_ring, basic_altar, kennysheep_nondescript, uniq_sigmund
D:3:      layout_loops_ring, zin_academy, serial_co_window_serial,
          co_window_paths_b, co_window_cross_1, co_window_paths_a,
          co_window_paths_b, co_window_of_opportunity_a, co_window_broadway_a,
          co_window_cross_3, co_window_broadway_a, co_window_2corner,
          co_window_corner_cb, grunt_decor_junction, uniq_terence, uniq_grinder,
          uniq_robin
D:4:      layout_rooms
D:5:      layout_cave_pools, nicolae_fountain_basement, uniq_ijyb
D:6:      layout_layer_cave, nicolae_dithmenos_through_a_glass_darkly,
          temple_hall
D:7:      old_forge, layout_basic, gammafunk_ghost_hive,
          nicolae_take_the_stairs, uniq_harold
D:8:      layout_basic, kennysheep_generic_room_14, uniq_erica
D:9:      layout_loops_ring, minmay_lair_entry_grove, minmay_statue_bubble
Temple:   mainiacjoe_temple_cubbyholes

Skill      XL: |  1  2  3  4  5  6  7  8  9 10 |
---------------+-------------------------------+-----
Dodging        | 2 3 4 5 |  5.4
Unarmed Combat | 4 5 7 8 9 10 | 10.2
Transmutations | 3 4 5 6 |  6.8
Stealth        | 1 2 4 |  4.4
Fighting       | 2 3 |  3.0
Spellcasting   | 3 4 |  4.7
Translocations | |  0.7
Evocations     | |  0.1

Action                   |  1- 3 |  4- 6 |  7- 9 | 10-12 || total
-------------------------+-------+-------+-------+-------++-------
Melee: Unarmed           |    25 |   114 |   370 |    32 ||   541
       Kick              |     3 |    23 |    35 |     3 ||    64
       Headbutt          |     2 |    10 |    28 |     1 ||    41
       Tailslap          |     3 |     8 |     8 |     2 ||    21
       Punch             |     1 |     1 |     6 |       ||     8
Throw: Boomerang         |       |       |     1 |       ||     1
 Cast: Beastly Appendage |     5 |    30 |    31 |     4 ||    70
       Spider Form       |       |     2 |    37 |     3 ||    42
       Blink             |       |       |     3 |     4 ||     7
       Ice Form          |       |       |       |     1 ||     1
Evoke: Wand              |       |       |     1 |     7 ||     8
  Use: Scroll            |       |     2 |     5 |     3 ||    10
 Stab: Sleeping          |       |       |     3 |       ||     3
       Paralysed         |       |       |     5 |     1 ||     6
Armor: Skin              |    10 |    20 |    65 |     3 ||    98
Dodge: Dodged            |    26 |    58 |   311 |    18 ||   413

Table legend: (Time is in decaauts)
 A = Elapsed time spent in this place.
 B = Non-inter-level travel time spent in this place.
 C = Inter-level travel time spent in this place.
 D = Time resting spent in this place.
 E = Time spent auto-exploring this place.
 F = Levels seen in this place.
 G = Mean time per level.
                   A        B        C        D        E       F      G
               +--------+--------+--------+--------+--------+-----+--------+
         Total |  11334 |  11334 |      0 |   1942 |   5232 |  10 | 1133.4 |
       Dungeon |  11235 |  11235 |      0 |   1942 |   5232 |   9 | 1248.3 |
        Temple |     98 |     98 |      0 |      0 |      0 |   1 |   98.0 |
               +--------+--------+--------+--------+--------+-----+--------+

Top non-repeatable levels by time:
     D:3: 1985 daAuts
     D:7: 1830 daAuts
     D:6: 1682 daAuts
     D:1: 1418 daAuts
     D:8: 1361 daAuts
     D:4: 1251 daAuts
     D:2: 969 daAuts
     D:5: 734 daAuts
  Temple: 98 daAuts
     D:9: 1 daAuts
